 Dungeon Crawl Stone Soup version 0.30-a0-782-ge64f9170bb (webtiles) character file.

Game seed: 10636186760278855166

718 Leeroy the Carver (level 7, -15/75 HPs)
             Began as a Merfolk Gladiator on Feb 21, 2023.
             Was an Elder of Jiyva.
             Demolished by an ogre
             ... wielding a +0 giant club
              (23 damage)
             ... on level 4 of the Dungeon.
             The game lasted 00:04:49 (3008 turns).

Leeroy the Carver (Merfolk Gladiator)               Turns: 3008, Time: 00:04:49

Health: -15/75     AC:  5    Str: 15    XL:     7   Next: 70%
Magic:  7/7        EV: 13    Int:  7    God:    Jiyva [****..]
Gold:   122        SH:  0    Dex: 17    Spells: 6/6 levels left

rFire   . . .      SeeInvis .    a - +0 long sword
rCold   . . .      Faith    .    (no shield)
rNeg    . . .      Spirit   .    b - +0 leather armour
rPois   .          Reflect  .    (helmet restricted)
rElec   .          Harm     .    (no cloak)
rCorr   +          Rampage  .    (no gloves)
Will    .....                    t - +1 pair of boots
Stlth   +                        (no amulet)
HPRegen 1.60/turn                (no ring)
MPRegen 0.50/turn                (no ring)

@: no status effects
A: (nimble swimmer 2), mertail, antennae 1, robust 3
a: Renounce Religion, Oozemancy, Slimify


You were on level 4 of the Dungeon.
You worshipped Jiyva.
Jiyva was greatly pleased with you.
You visited 1 branch of the dungeon, and saw 4 of its levels.

You collected 122 gold pieces.

Inventory:

Hand Weapons
 a - a +0 long sword (weapon)
Missiles
 d - 3 throwing nets (quivered)
 e - a javelin
 j - 7 poisoned darts
Armour
 b - a +0 leather armour (worn)
 c - a +0 helmet
 t - a +1 pair of boots (worn)
Jewellery
 i - a +4 ring of protection
 s - an amulet of reflection
Wands
 k - a wand of mindburst (10)
 m - a wand of iceblast (2)
Scrolls
 g - 2 scrolls of vulnerability {unknown}
 h - 2 scrolls of teleportation {unknown}
 r - a scroll of amnesia {unknown}
 u - a scroll of brand weapon {unknown}
Potions
 f - 2 potions of heal wounds {unknown}
 l - a potion of curing {unknown}
 n - a potion of mutation {unknown}
 o - 2 potions of lignification {unknown}
 p - a potion of resistance
 q - a potion of flight {unknown}


   Skills:
 + Level 6.1 Fighting
 - Level 8.4 Long Blades
 - Level 2.0 Throwing
 - Level 4.0 Dodging


You had 6 spell levels left.
You didn't know any spells.
Your spell library contained the following spells:

 Spells                   Type           Power      Damage    Failure   Level
 Kiss of Death            Conj/Necr      0%         2d5       50%         1
 Confusing Touch          Hex            0%         N/A       86%         3
 Ozocubu's Armour         Ice            0%         N/A       86%         3
 Portal Projectile        Hex/Tloc       0%         N/A       86%         3
 Tukima's Dance           Hex            0%         N/A       86%         3
 Cause Fear               Hex            0%         N/A       99%         4
 Dispel Undead            Necr           0%         3d6       99%         4
 Blade Hands              Tmut           0%         N/A       100%        5
 Metabolic Englaciation   Hex/Ice        0%         N/A       100%        5
 Simulacrum               Ice/Necr       0%         N/A       100%        6
 Dragon Form              Tmut           0%         N/A       100%        7
 Dragon's Call            Summ           0%         N/A       100%        9


Dungeon Overview and Level Annotations

Branches:
Dungeon (4/15)
 Temple: D:4-7

Altars:
Gozag
Wu Jian
Jiyva

Annotations:
D:2 1 runed translucent door, Crazy Yiuf


Innate Abilities, Weirdness & Mutations

((You are very nimble when in or above water. (Stealth+, EV+, Speed+++)))
Your lower body shifts to a powerful aquatic tail in water.
You have a pair of small antennae on your head.
You are extremely robust. (+30% HP)


Message History

You barely miss the hobgoblin. The hobgoblin closely misses you.
You hit the hobgoblin.
The hobgoblin is moderately wounded.
The hobgoblin barely misses you.
You barely miss the hobgoblin.
The hobgoblin is moderately wounded.
An ogre comes into view. It is wielding a +0 giant club.
The hobgoblin closely misses you.
You hit the hobgoblin.
You kill the hobgoblin!
The ogre hits you with a +0 giant club!!
You hear a distant slurping noise.
You hear a squelching noise.
You slash the ogre!
The ogre is moderately wounded.
The ogre barely misses you.
An ogre is nearby!
You slash the ogre!
The ogre is heavily wounded.
You hit the ogre but do no damage.
The ogre is heavily wounded.
The ogre barely misses you.
You hit the ogre.
The ogre is heavily wounded.
The ogre hits you with a +0 giant club!!
You barely miss the ogre.
The ogre is heavily wounded.
You hit the ogre.
The ogre is severely wounded.
The ogre hits you with a +0 giant club!!
* * * LOW HITPOINT WARNING * * *
Okay, then.
You hit the ogre.
The ogre is severely wounded.
The ogre barely misses you.
You hit the ogre but do no damage.
The ogre is severely wounded.
You hit the ogre.
The ogre is almost dead.
The ogre hits you with a +0 giant club!!
You die...

....§..# #.# ≈≈§.≈..#
#.#
.......###.###########
####...##...##.......#
##......#.#.......#
###.##.##........#
#.##...........#
..##.##........#
..#.#.#.#..@....# ###
#...##..O....# .. #.#
####.#### ##. #.# .# #
.# .# .# .#


You could see an ogre.

Vanquished Creatures
  Grinder (D:3)
  Sigmund (D:2)
  An ogre (D:4)
  Ijyb (D:3)
  Jessica (D:2)
  4 orc wizards
  A gnoll (D:1)
  3 adders
  A worm (D:4)
  A dart slug (D:1)
  7 orcs
  7 endoplasms (D:1)
  3 giant cockroaches
  7 goblins
  7 hobgoblins
  4 quokkas
  3 ball pythons
  3 bats (D:1)
  9 kobolds
  7 rats
72 creatures vanquished.

Vanquished Creatures (others)
  A jelly (D:4)
  3 orcs
  A ball python (D:3)
  3 endoplasms (D:4)
  2 goblins (D:4)
  A kobold (D:4)
  A quokka (D:4)
12 creatures vanquished.

Grand Total: 84 creatures vanquished

Notes
Turn   | Place    | Note
-------+----------+-------------------------------------------
     0 | D:1      | Leeroy the Merfolk Gladiator began the quest for the Orb.
     0 | D:1      | Reached XP level 1. HP: 16/16 MP: 1/1
    31 | D:1      | Reached skill level 4 in Long Blades
    37 | D:1      | Reached XP level 2. HP: 12/22 MP: 2/2
   255 | D:1      | Reached XP level 3. HP: 23/27 MP: 3/3
   258 | D:1      | Reached skill level 5 in Long Blades
   428 | D:1      | Found a faded altar of an unknown god.
   525 | D:1      | Prayed at the altar of an unknown god.
   525 | D:1      | Became a worshipper of Jiyva Jokauqao the Shapeless
   525 | D:1      | Reached * piety under Jiyva
   554 | D:2      | Noticed Sigmund
   718 | D:2      | Reached XP level 4. HP: 23/33 MP: 4/4
   851 | D:2      | Reached ** piety under Jiyva
   865 | D:2      | You fall into a shaft and drop 2 floors!
   886 | D:4      | Reached skill level 6 in Long Blades
  1060 | D:3      | Noticed Ijyb
  1085 | D:3      | Killed Ijyb
  1237 | D:3      | Noticed Grinder
  1237 | D:3      | Paralysed by Grinder for 3 turns
  1316 | D:2      | Reached *** piety under Jiyva
  1316 | D:2      | Gained mutation: You are robust. (+10% HP) [Jiyva's grace]
  1316 | D:2      | Gained mutation: You are very robust. (+20% HP) [Jiyva's
                  | grace]
  1316 | D:2      | Gained mutation: You are extremely robust. (+30% HP)
                  | [Jiyva's grace]
  1316 | D:2      | Gained mutation: You have a pair of small antennae on your
                  | head. [Jiyva's grace]
  1411 | D:2      | Killed Sigmund
  1412 | D:2      | Reached skill level 8 in Long Blades
  1412 | D:2      | Reached XP level 5. HP: 32/49 MP: 5/5
  1412 | D:2      | Reached XP level 6. HP: 38/57 MP: 6/6
  1435 | D:2      | Noticed Jessica
  1454 | D:2      | Killed Jessica
  1803 | D:2      | Found a runed translucent door.
  1804 | D:2      | Noticed Crazy Yiuf
  2244 | D:3      | Killed Grinder
  2245 | D:3      | Reached XP level 7. HP: 55/71 MP: 7/7
  2301 | D:3      | Reached **** piety under Jiyva
  2561 | D:4      | Reached skill level 5 in Fighting
  2600 | D:4      | Found an ornate altar of the Wu Jian Council.
  2963 | D:4      | Found an opulent altar of Gozag.
  3005 | D:4      | HP: 3/75 [ogre/+0 giant club (26)]
  3008 | D:4      | Demolished by an ogre

Illustrated notes

Levels and vault maps discovered:
D:1:      mushboom_english_gardens, layout_rooms, ebering_ecumenical_altar_hall
D:2:      layout_basic, uniq_jessica, uniq_crazy_yiuf_cottage, uniq_sigmund
D:3:      layout_basic, minmay_curled_crystal, uniq_ijyb, uniq_grinder
D:4:      layout_loops_ring, nicolae_wu_jian_wuxing_cycle,
          mainiacjoe_overflow_cross_hatched, minmay_checkerbox

Skill      XL: |  1  2  3  4  5  6  7 |
---------------+----------------------+-----
Long Blades    | 4 5 8 |  8.4
Fighting       | 4 6 |  6.1
Throwing       | |  2.0
Dodging        | |  4.0

Action                     |  1- 3 |  4- 6 |  7- 9 || total
---------------------------+-------+-------+-------++-------
  Melee: Long sword        |    76 |   115 |    91 ||   282
         Punch             |     2 |       |     1 ||     3
  Evoke: Wand              |       |     2 |       ||     2
   Stab: Sleeping          |     1 |     1 |       ||     2
 Armour: Leather armour    |    31 |    26 |    23 ||    80
  Dodge: Dodged            |    76 |    64 |    44 ||   184

Table legend: (Time is in decaauts)
 A = Elapsed time spent in this place.
 B = Non-inter-level travel time spent in this place.
 C = Inter-level travel time spent in this place.
 D = Time resting spent in this place.
 E = Time spent auto-exploring this place.
 F = Levels seen in this place.
 G = Mean time per level.
                   A        B        C        D        E       F      G
               +--------+--------+--------+--------+--------+-----+--------+
         Total |   3027 |   2853 |    174 |    108 |   2082 |   4 |  756.8 |
       Dungeon |   3027 |   2853 |    174 |    108 |   2082 |   4 |  756.8 |
               +--------+--------+--------+--------+--------+-----+--------+

Top non-repeatable levels by time:
     D:2: 942 daAuts
     D:3: 826 daAuts
     D:1: 665 daAuts
     D:4: 593 daAuts
